 Dungeon Crawl Stone Soup version 0.27.1-33-g824d729ab1 (webtiles) character file.

Game seed: 9571396589037600992

16 Nixze the Chopper (level 2, 0/26 HPs)
             Began as a Minotaur Berserker on Dec 10, 2021.
             Was a Follower of Trog.
             Slain by a gnoll (8 damage)
             ... on level 1 of the Dungeon.
             The game lasted 00:00:34 (445 turns).

Nixze the Chopper (Minotaur Berserker)               Turns: 445, Time: 00:00:36

Health: 0/26       AC:  2    Str: 21    XL:     2   Next: 37%
Magic:  1/1        EV: 12    Int:  4    God:    Trog [*.....]
Gold:   18         SH:  0    Dex:  9    Spells: 1/1 levels left

rFire    . . .     SeeInvis .   a - +0 hand axe
rCold    . . .     Faith    .   (no shield)
rNeg     . . .     Spirit   .   b - +0 animal skin
rPois    .         Reflect  .   (helmet restricted)
rElec    .         Harm     .   (no cloak)
rCorr    .         Rampage  .   (no gloves)
Will     .....                  (no boots)
Stlth    +.........             (no amulet)
HPRegen  0.08/turn              h - ring of flight
MPRegen  0.07/turn              (no ring)

@: flying
A: horns 2, retaliatory headbutt
a: Renounce Religion, Berserk


You were on level 1 of the Dungeon.
You worshipped Trog.
Trog was aware of your devotion.
You visited 1 branch of the dungeon, and saw 1 of its levels.

You collected 18 gold pieces.

Inventory:

Hand Weapons
 a - a +0 hand axe (weapon)
Missiles
 d - 21 sling bullets
Armour
 b - a +0 animal skin (worn)
Jewellery
 h - a ring of flight (left hand)
Scrolls
 f - a scroll of enchant armour {unknown}
 g - 4 scrolls of identify {unknown}
Potions
 c - a potion of flight {unknown}
 e - a potion of haste {unknown}


   Skills:
 - Level 3.6 Fighting
 + Level 4.6 Axes
 - Level 2.4 Armour
 - Level 2.1 Dodging


You had one spell level left.
You didn't know any spells.
Your spell library was empty.

Dungeon Overview and Level Annotations

Branches:
Dungeon (1/15)

Altars:


Innate Abilities, Weirdness & Mutations

You have a pair of horns on your head.
You reflexively headbutt those who attack you in melee.


Message History

You see here a rat corpse.
You see here a rat corpse.
You see here a +0 whip.
You reach down and open the door.
There is an open door here.
You reach down and open the door.
There is an open door here.
Found a scroll labelled SETEWA AF LIUW.
A hobgoblin comes into view.
The hobgoblin shouts!
A hobgoblin is nearby!
A hobgoblin is nearby!
Found a flail.
The hobgoblin barely misses you.
You hit the hobgoblin. You headbutt the hobgoblin.
You kill the hobgoblin!
Trog accepts your kill.
No target in view!
g - 4 scrolls labelled SETEWA AF LIUW (gained 1)
Found a stone staircase leading down.
A ball python comes into view.
A ball python is nearby!
A gnoll comes into view. It is wielding a +0 spear.
The gnoll shouts!
A frilled lizard comes into view.
Found a ring mail.
The ball python hisses angrily.
The frilled lizard hisses angrily.
The ball python bites you. The ball python grabs you.
The ball python constricts you.
The gnoll hits you from afar with a +0 spear!
The ball python bites you. The ball python constricts you.
You barely miss the ball python. You headbutt the ball python.
You kill the ball python!
Trog accepts your kill.
The gnoll hits you from afar with a +0 spear!
You are too injured to fight recklessly!
You are too injured to fight recklessly!
A gnoll is nearby!
You are too injured to fight recklessly!
The gnoll hits you with a +0 spear!
You die...

..'........... ....
###.......#### ......#
#.......# ....#
#....)..# ....#
#.......# ....#
#.......# ....#
###.......#######...
..............#.#.#.#...
....#########...@g......
....# #.#.#l#.#... ....#
#...†...[.. ....#
###.#.#.#.. ....#
........ ....# #.#.#.###
..).# ####### ....#
#####


You could see a gnoll and a frilled lizard.

Vanquished Creatures
  An endoplasm (D:1)
  2 hobgoblins (D:1)
  2 jackals (D:1)
  A quokka (D:1)
  3 ball pythons (D:1)
  A bat (D:1)
  A frilled lizard (D:1)
  2 kobolds (D:1)
  4 rats (D:1)
17 creatures vanquished.

Notes
Turn   | Place    | Note
-------+----------+-------------------------------------------
     0 | D:1      | Nixze the Minotaur Berserker began the quest for the Orb.
     0 | D:1      | Reached XP level 1. HP: 19/19 MP: 0/0
    92 | D:1      | Reached skill level 4 in Axes
   196 | D:1      | Reached XP level 2. HP: 25/26 MP: 1/1
   445 | D:1      | Slain by a gnoll

Illustrated notes

Levels and vault maps discovered:
D:1:      scummos_arrival_simple_crosswalls, layout_basic,
          dilly_ecumenical_altar_fadedgnrine, st_stairs_8

Skill      XL: |  1 |
---------------+----+-----
Axes           | 4 |  4.6
Fighting       | |  3.6
Armour         | |  2.4
Dodging        | |  2.1

Action                   || total
-------------------------++-------
Melee: Hand axe          ||    26
       Headbutt          ||     6
 Stab: Sleeping          ||     2
Armor: Animal skin       ||     3
Dodge: Dodged            ||    16
